 Dungeon Crawl Stone Soup version 0.31-a0-175-g9f7f995f2b (webtiles) character file.

Game seed: 18245797872328469527

4694 zazu2006 the Covert (level 10, -3/87 HPs)
             Began as a Naga Hedge Wizard on June 15, 2023.
             Was a Believer of Vehumet.
             Killed from afar by Erica (23 damage)
             ... with a lance of force
             ... on level 9 of the Dungeon on June 16, 2023.
             The game lasted 00:23:23 (10602 turns).

zazu2006 the Covert (Naga Hedge Wizard)            Turns: 10602, Time: 00:23:24

Health: -3/87      AC:  7    Str: 14    XL:     10   Next: 44%
Magic:  20/20      EV: 11    Int: 16    God:    Vehumet [**....]
Gold:   410        SH:  0    Dex: 18    Spells: 16/22 levels left

rFire   + . .        D - +2 dagger (venom)
rCold   + . .        (no shield)
rNeg    + . .        v - +2 leather armour {rN+}
rPois   +            c - +0 hat
rElec   .            i - scarf {rC+ rF+}
rCorr   .            (no gloves)
SInv    +            (no barding)
Will    ++...        (no amulet)
Stlth   ++++         e - +6 ring of dexterity
HPRegen 0.34/turn    m - ring of willpower
MPRegen 0.17/turn

%: no passive effects
@: lethally poisoned (-3 -> -8), very slow
A: AC +3, large, see invisible, deformed body, poison resistance, slowness 2,
spit poison 1, naga tail 1
a: Spit Poison, Renounce Religion


You were on level 9 of the Dungeon.
You worshipped Vehumet.
Vehumet was pleased with you.
You visited 2 branches of the dungeon, and saw 10 of its levels.

You collected 410 gold pieces.

Inventory:

Hand Weapons
 g - a +1 short sword of freezing
 q - a +1 mace of holy wrath
 D - a +2 dagger of venom (weapon)
Armour
 c - a +0 hat (worn)
 i - a scarf of resistance (worn)
 l - a +2 robe of the Archmagi
 v - a +2 leather armour of positive energy (worn)
 z - a +1 buckler of reflection
 F - a +0 pair of gloves
Jewellery
 e - a +6 ring of dexterity (left hand)
 m - a ring of willpower (right hand)
 w - a ring of ice
 E - a ring of fire
 G - a ring of flight
 J - a ring of protection from fire
Wands
 y - a wand of digging (6)
Scrolls
 a - a scroll of fog {unknown}
 h - a scroll of noise {unknown}
 j - a scroll of blinking
 k - a scroll of brand weapon
 o - a scroll of butterflies
 r - a scroll of enchant weapon {unknown}
 s - 2 scrolls of immolation
 u - 2 scrolls of poison
 A - 2 scrolls of fear {unknown}
 B - a scroll of amnesia {unknown}
 C - 4 scrolls of identify
 H - a scroll of acquirement {unknown}
Potions
 b - 2 potions of degeneration {unknown}
 d - a potion of magic
 f - 4 potions of curing
 n - 2 potions of might
 p - 2 potions of invisibility {unknown}
 t - 3 potions of attraction
 x - a potion of haste {unknown}


   Skills:
 + Level 4.4 Fighting
 + Level 5.3 Short Blades
 + Level 4.0 Armour
 + Level 4.0 Dodging
 + Level 8.1 Stealth
 * Level 0.6 Shields
 + Level 6.9 Spellcasting
 + Level 5.6 Conjurations
 + Level 1.0 Summonings
 + Level 1.1 Translocations
 + Level 2.1 Air Magic
 + Level 5.2 Poison Magic
 + Level 0.2 Evocations


You had 16 spell levels left.
You knew the following spells:

 Your Spells              Type           Power      Damage    Failure   Level
a - Magic Dart            Conj           92%        1d7       1%          1
b - Mephitic Cloud        Conj/Pois/Air  19%        N/A       8%          3
d - Blink                 Tloc           18%        N/A       14%         2

Your spell library contained the following spells:

 Spells                   Type           Power      Damage    Failure   Level
 Scorch                   Fire           10%        2d5       24%         2
 Momentum Strike          Conj/Tloc      32%        3d8       6%          2
 Cigotuvi's Dreadful Rot  Necr/Pois/Air  26%        N/A       9%          2
 Lesser Beckoning         Tloc           18%        N/A       14%         2
 Slow                     Hex            20%        N/A       16%         1
 Call Imp                 Summ           16%        N/A       16%         2
 Ignite Poison            Fire/Tmut/Pois 11%        N/A       22%         3
 Sticky Flame             Conj/Fire      14%        2d4       43%         4
 Leda's Liquefaction      Hex/Erth       2%         N/A       83%         4
 Lee's Rapid Deconstruct  Erth           2%         3d5*      99%         5
 Leda's Unmaking          Conj/Erth      7%         9d2       100%        6
 Statue Form              Tmut/Erth      3%         N/A       100%        6
 Ignition                 Fire           2%         3d3       100%        8


Dungeon Overview and Level Annotations

Branches:
Dungeon (9/15)             Temple (1/1) D:7
   Lair: D:8-11         Orc: D:9-12

Altars:
Ashenzari
Makhleb
Nemelex Xobeh
Okawaru
Ru
Trog
Vehumet

Shops:
D:7 :

Annotations:
D:3 1 runed translucent door, knightboat's ghost, amateur TeMo
D:9 Erica


Innate Abilities, Weirdness & Mutations

Your serpentine skin is tough. (AC +3)
You have supernaturally acute eyesight. (SInv)
Armour fits poorly on your strangely shaped body.
Your system is resistant to poisons. (rPois)
You cover ground very slowly.
You can spit poison.
You have a snake-like lower body.


Message History

Erica is heavily wounded.
Erica points at you and mumbles some strange words.
The bolt of poison hits you. You resist.
You hit Erica but do no damage.
Erica looks as sick as possible!
You punch Erica.
Erica is heavily wounded.
Aiming: Spit Poison (1% risk of failure)
Press: ? - help, Shift-Dir - straight line, f/p - Erica
Aim: Erica, wielding a +4 scimitar of flaming and wearing a +2 robe of willpower (heavily wounded, extremely poisoned, 60% to hit)
The splash of poison misses Erica.
Erica hits you with a +4 scimitar of flaming!
Erica burns you.
Unknown command.
Unknown command.
You hit Erica.
Erica looks as sick as possible!
Erica is heavily wounded.
Erica points at you and mumbles some strange words.
The bolt of poison hits you.
You are poisoned.
You resist.
You hit Erica.
Erica looks as sick as possible!
Erica is severely wounded.
You feel very sick.
Erica hits you with a +4 scimitar of flaming.
You hit Erica.
Erica is severely wounded.
You have got your breath back.
You feel sick.
Erica hits you with a +4 scimitar of flaming!
* * * LOW HITPOINT WARNING * * *
Erica burns you.
* * * LOW HITPOINT WARNING * * *
Unknown command.
You feel very sick.
You hit Erica but do no damage.
Erica looks as sick as possible!
Erica is almost dead.
You feel sick. Erica gestures at you while chanting.
The lance of force hits you!!
You die...

.. .. .. .###+##
....... .......
###########.......
#........@@.......
#.##########......
#.#..# ##'##
#.#..# #.#..#
#.#..# #.#..#
#.##.# #....#


You could see Erica (extremely poisoned).

Vanquished Creatures
  Pikel (D:5)
  Joseph (D:7)
  Psyche (D:9)
  2 kobold demonologists
  Prince Ribbit (D:6)
  2 water moccasins
  An orc warrior (D:7)
  2 sky beasts
  3 black bears
  2 ice beasts
  2 ogres
  A centaur (D:7)
  A phantom (D:6)
  2 bullfrogs
  A gnoll sergeant (D:9)
  2 scorpions
  5 wights
  2 howler monkeys
  2 jellies (D:5)
  2 orc priests
  6 hounds
  2 iguanas
  19 orc wizards
  8 adders
  4 gnolls (D:9)
  2 ufetubi
  3 worms
  A dart slug (D:5)
  34 orcs
  4 endoplasms
  3 giant cockroaches
  9 goblins
  6 hobgoblins
  6 jackals (D:1)
  4 quokkas
  3 ball pythons
  7 bats
  4 frilled lizards
  12 kobolds
  20 rats
193 creatures vanquished.

Notes
Turn   | Place    | Note
-------+----------+-------------------------------------------
     0 | D:1      | zazu2006 the Naga Hedge Wizard began the quest for the Orb.
     0 | D:1      | Reached XP level 1. HP: 15/15 MP: 4/4
   183 | D:1      | Reached XP level 2. HP: 22/22 MP: 4/6
   388 | D:1      | HP: 1/22 [jackal (1)]
   807 | D:1      | Reached XP level 3. HP: 22/28 MP: 0/8
  1065 | D:1      | Found a faded altar of an unknown god.
  1849 | D:2      | Found a radiant altar of Vehumet.
  1857 | D:2      | Became a worshipper of Vehumet
  2272 | D:2      | Reached XP level 4. HP: 36/36 MP: 5/10
  3212 | D:3      | Reached XP level 5. HP: 43/43 MP: 7/11
  3415 | D:3      | Found a runed translucent door.
  3416 | D:3      | Noticed knightboat's ghost (amateur TeMo)
  3417 | D:3      | Noticed an orc warrior
  3686 | D:4      | Reached skill level 1 in Fighting
  3926 | D:4      | Found a bloodstained altar of Trog.
  4101 | D:4      | Noticed an ogre
  4177 | D:4      | Killed an ogre
  4178 | D:4      | Reached XP level 6. HP: 26/51 MP: 10/13
  4182 | D:4      | Learned a level 3 spell: Mephitic Cloud
  4185 | D:4      | Learned a level 2 spell: Blink
  4608 | D:4      | Reached * piety under Vehumet
  4608 | D:4      | Offered knowledge of Shock by Vehumet.
  4685 | D:4      | Reached skill level 1 in Armour
  4796 | D:4      | Reached skill level 1 in Poison Magic
  5278 | D:5      | Entered Level 5 of the Dungeon
  5280 | D:5      | Found an iron altar of Okawaru.
  5305 | D:5      | Reached XP level 7. HP: 8/57 MP: 9/14
  5519 | D:5      | Reached skill level 5 in Spellcasting
  6041 | D:5      | Reached skill level 1 in Short Blades
  6421 | D:5      | Found a sparkling altar of Nemelex Xobeh.
  6469 | D:6      | Noticed a kobold demonologist
  6480 | D:6      | Noticed Pikel
  6480 | D:6      | Noticed a kobold demonologist
  6485 | D:6      | Killed a kobold demonologist
  6486 | D:6      | Reached skill level 4 in Stealth
  6486 | D:6      | Reached XP level 8. HP: 63/64 MP: 8/16
  6520 | D:5      | Killed Pikel
  6628 | D:5      | Offered knowledge of Freeze by Vehumet.
  6629 | D:5      | Reached skill level 5 in Stealth
  6649 | D:5      | Killed a kobold demonologist
  6650 | D:5      | Reached skill level 1 in Air Magic
  6777 | D:5      | Reached ** piety under Vehumet
  6792 | D:6      | Reached XP level 9. HP: 73/73 MP: 7/18
  6995 | D:6      | Reached skill level 6 in Stealth
  7015 | D:6      | Noticed Prince Ribbit
  7040 | D:6      | Killed Prince Ribbit
  7297 | D:6      | Found a burning altar of Makhleb.
  7901 | D:7      | Reached skill level 5 in Conjurations
  8017 | D:7      | Found Nigen's Book Boutique.
  8019 | D:7      | Found a staircase to the Ecumenical Temple.
  8024 | D:7      | Noticed Joseph
  8046 | D:7      | Killed Joseph
  8047 | D:7      | Reached skill level 7 in Stealth
  8169 | D:7      | Reached skill level 5 in Poison Magic
  8191 | Temple   | Entered the Ecumenical Temple
  8428 | D:7      | Found a broken altar of Ashenzari.
  8602 | D:7      | Reached XP level 10. HP: 85/85 MP: 17/19
  8629 | D:7      | Found a sacrificial altar of Ru.
  9137 | D:8      | Reached skill level 5 in Short Blades
  9192 | D:8      | Reached skill level 8 in Stealth
  9226 | D:7      | Offered knowledge of Scorch by Vehumet.
 10036 | D:7      | Upgraded the game from 0.31-a0-174-g85c54bcb58 to
                  | 0.31-a0-175-g9f7f995f2b
 10225 | D:9      | Noticed Psyche
 10243 | D:9      | Killed Psyche
 10583 | D:9      | Noticed Erica
 10602 | D:9      | Killed from afar by Erica

Illustrated notes

Levels and vault maps discovered:
D:1:      elethiomel_arrival_infinity_welcomes_careful_drivers,
          layout_loops_cross, shapermc_ecumenical_altar_petra
D:2:      layout_basic, basic_altar, nicolae_elevator_lobby_asterisk
D:3:      layout_basic, ebering_ghost_inner_flame, guppyfry_early_lair_pool
D:4:      layout_gridville, trog_book, st_stairs_9, minmay_rat_hole
D:5:      layout_loops_ring, general_overflow_altar, okawaru_trees_2
D:6:      layout_gridville, makhleb_blood_cavern_becter, uniq_prince_ribbit1,
          uniq_pikel
D:7:      minmay_flawed_box, layout_cave_pools, kennysheep_mini,
          ashenzari_conservatory_becter, minmay_temple_entry_stoned_glass,
          serial_shops, shop, st_stairs_1, corner_web_ring, uniq_joseph
D:8:      layout_cave_pools
D:9:      layout_basic, mainiacjoe_overflow_alcove_4,
          grunt_temple_overflow_open, david_lair_shrubbed,
          minmay_orc_entry_temple_small, lightli_fourway_metalbox, uniq_erica,
          uniq_psyche
Temple:   hellmonk_temple_beads

Skill      XL: |  1  2  3  4  5  6  7  8  9 10 |
---------------+-------------------------------+-----
Spellcasting   | 4 5 6 |  6.9
Conjurations   | 2 3 4 5 |  5.6
Fighting       | 1 2 3 4 |  4.4
Dodging        | 2 3 4 |  4.0
Armour         | 1 2 3 4 |  4.0
Poison Magic   | 1 3 4 5 |  5.2
Short Blades   | 1 2 4 5 |  5.3
Stealth        | 4 5 7 8 |  8.1
Air Magic      | 1 2 |  2.1
Shields        | |  0.6
Summonings     | |  1.0
Translocations | |  1.1
Evocations     | |  0.2

Action                     |  1- 3 |  4- 6 |  7- 9 | 10-12 || total
---------------------------+-------+-------+-------+-------++-------
  Melee: Dagger            |     4 |       |    32 |   173 ||   209
         Short sword       |     7 |   112 |   187 |    10 ||   316
         Punch             |       |     2 |     4 |     3 ||     9
         Mace              |       |       |       |     1 ||     1
  Throw: Throwing net      |       |       |     1 |       ||     1
   Cast: Magic Dart        |    94 |   123 |    99 |    38 ||   354
         Mephitic Cloud    |       |       |    24 |     5 ||    29
         Blink             |       |       |       |     1 ||     1
Ability: Spit Poison       |    12 |    21 |    22 |     2 ||    57
  Evoke: Wand              |       |       |       |     6 ||     6
    Use: Scroll            |       |     2 |     6 |     2 ||    10
         Potion            |       |     1 |       |     1 ||     2
   Stab: Confused          |       |       |    16 |     4 ||    20
         Sleeping          |       |       |     3 |       ||     3
         Held in net/web   |       |       |     1 |       ||     1
 Armour: Robe              |     5 |     8 |       |       ||    13
         Leather armour    |       |    25 |    70 |    61 ||   156
  Dodge: Dodged            |    20 |    76 |   104 |    93 ||   293

Table legend: (Time is in decaauts)
 A = Elapsed time spent in this place.
 B = Non-inter-level travel time spent in this place.
 C = Inter-level travel time spent in this place.
 D = Time resting spent in this place.
 E = Time spent auto-exploring this place.
 F = Levels seen in this place.
 G = Mean time per level.
                   A        B        C        D        E       F      G
               +--------+--------+--------+--------+--------+-----+--------+
         Total |  12609 |  12271 |    338 |    838 |   9434 |  10 | 1260.9 |
       Dungeon |  12455 |  12117 |    338 |    692 |   9434 |   9 | 1383.9 |
        Temple |    153 |    153 |      0 |    146 |      0 |   1 |  153.0 |
               +--------+--------+--------+--------+--------+-----+--------+

Top non-repeatable levels by time:
     D:1: 2013 daAuts
     D:4: 1922 daAuts
     D:5: 1730 daAuts
     D:7: 1627 daAuts
     D:6: 1374 daAuts
     D:2: 1304 daAuts
     D:3: 1120 daAuts
     D:8: 1069 daAuts
     D:9: 292 daAuts
  Temple: 153 daAuts
